 Dungeon Crawl Stone Soup version 0.13-b1-24-g18a6e78 (webtiles) character file.

10276 4tharraofdagon the Grappler (level 11, -5/84 HPs)
             Began as a Minotaur Monk on Oct 3, 2013.
             Was the Champion of Makhleb.
             Slain by a two-headed ogre
             ... wielding a +2,+1 great mace of flaming
              (21 damage)
             ... in a volcano.
             The game lasted 00:32:00 (4821 turns).

4tharraofdagon the Grappler (Minotaur Monk)         Turns: 4821, Time: 00:32:01

HP  -5/84        AC 14     Str 16      XL: 11   Next: 33%
MP  12/12        EV  3     Int 10      God: Makhleb [******]
Gold 45          SH 17     Dex 11 (12) Spells:  0 memorised, 16 levels left

Res.Fire  : + . .   See Invis. : .     - Unarmed
Res.Cold  : . . .   Warding    : .   f - +0 dwarf chain mail
Life Prot.: . . .   Conserve   : .   N - +0 shield
Res.Poison: .       Res.Corr.  : .   w - +0 cap
Res.Elec. : .       Clarity    : .   p - +0 cloak
Sust.Abil.: . .     Spirit.Shd : .   (no gloves)
Res.Mut.  : .       Stasis     : .   c - +0 pair of boots
Res.Rott. : .       Flight     : .   I - amulet of faith
Saprovore : . . .                    E - ring of protection from fire
                                     i - ring of regeneration

@: somewhat resistant to hostile enchantments, extremely unstealthy
A: retaliatory headbutt, horns 2, breathe flames 1, -10% hp, regeneration 1, AC
+4, Dex -1
a: Minor Destruction, Lesser Servant of Makhleb, Major Destruction, Greater
Servant of Makhleb, Renounce Religion, Breathe Fire


You were in a volcano.
You worshipped Makhleb.
Makhleb was exalted by your worship.
You were not hungry.

You visited 3 branches of the dungeon, and saw 13 of its levels.
You also visited: Volcano.

You collected 395 gold pieces.
You spent 350 gold pieces at shops.

Inventory:

Missiles
 q - 2 exploding darts (quivered)
 A - 3 needles of confusion
 F - a throwing net
Armour
 c - a +0 pair of boots (worn)
 f - a +0 dwarven chain mail (worn)
 p - a +0 cloak (worn)
 v - a +2 robe of positive energy
 w - a +0 cap (worn)
 C - a +0 troll hide {Purgy}
 K - a +0 pair of boots
 L - a +2 robe of cold resistance
 N - a +0 shield (worn)
Magical devices
 d - a wand of paralysis (13)
 k - a wand of slowing (4)
 o - a wand of slowing (6)
 r - a wand of fire (0)
 x - a wand of polymorph (14) {unknown}
 G - a wand of slowing (6)
Comestibles
 b - 10 bread rations
 j - an apple
 n - 2 pears
 u - 6 meat rations
 B - a choko
 J - 2 chunks of elephant flesh
Jewellery
 e - a +5 ring of evasion
 i - a ring of regeneration (left hand)
 E - a ring of protection from fire (right hand)
 I - an amulet of faith (around neck)
Potions
 a - a potion of slowing {unknown}
 g - 2 potions of magic
 m - a potion of paralysis
 s - a potion of brilliance
 t - 3 potions of curing
 z - a potion of mutation
 D - a potion of restore abilities
Books
 y - a book of Control

   Spells                             Type                      Level
   Control Teleport                   Charms/Translocation         4
   Control Undead                     Necromancy                   4
   Enslavement                        Hexes                        4
   Mass Confusion                     Hexes                        6
   Metabolic Englaciation             Hexes/Ice                    6


   Skills:
 + Level 11.4 Fighting
 - Level 3.2 Dodging
 - Level 1.5 Stealth
 * Level 3.3 Shields
 * Level 14.5 Unarmed Combat
 + Level 3.1 Spellcasting
 - Level 5.1 Invocations


You had 16 spell levels left.
You didn't know any spells.

Dungeon Overview and Level Annotations

Branches:
Dungeon (11/27)            Temple (1/1) D:6            Lair (1/8) D:10
    Orc: D:6-11

Altars:
Ashenzari
Cheibriados
Fedhas
Kikubaaqudgha
Makhleb
Nemelex Xobeh
Trog
Zin
the Shining One

Shops:
D:10 !

Annotations:
D:5 Dowan, Duvessa


Innate Abilities, Weirdness & Mutations

You reflexively headbutt those who attack you in melee.
You have a pair of horns on your head.
You are partially covered in rough black scales (AC +4, Dex -1).
You can breathe flames.
You are frail (-10% HP).
Your natural rate of healing is unusually fast.


Message History

* * * LOW HITPOINT WARNING * * *
The hellwing completely misses you.
You punch the hellwing!
The hellwing is moderately wounded.
The hellwing hits you.
* * * LOW HITPOINT WARNING * * *
The hellwing hits you but does no damage.
Unknown command.
Drink which item? (? for menu, Esc to quit)
You feel better. The hellwing hits you!
* * * LOW HITPOINT WARNING * * *
The hellwing hits you but does no damage.
Evoke which item? (* to show all) (? for menu, Esc to quit)
Zapping:
x - a glowing brass wand
Press: ? - help, Shift-Dir - straight line, f/p - hill giant
Aim: a hill giant, wielding a great mace of flaming (moderately wounded)
The two-headed ogre easily resists.
The two-headed ogre is no longer paralysed.
The two-headed ogre hits you with a great mace of flaming!
You die...

§≈§§§≈§§§§§≈§≈.≈§§§≈≈§§
§§§§§§≈≈≈§§§.≈≈.§§§§§≈§§
..§§...........§§§≈§§≈§≈
#######+########§§§§§§§≈
#.# #§§§≈§≈≈≈ #.#
#§≈≈≈≈≈≈§ #.# #.§§≈≈≈§≈
#4# #.≈§≈≈§≈§
#@#.######.≈≈§§≈≈≈
#O#......#..≈§§≈§≈
#C###++###.≈≈≈≈≈§§


OO. #.≈§≈≈§§≈ .8_8. #.≈§≈§§§§ '.....O #.≈§≈§§≈§ ################.§§≈§§≈≈
.................§§§§≈≈≈ §≈§§≈≈≈§≈≈§≈§≈≈§§≈..§≈§≈ You could see a hill giant, a
hellwing, 2 two-headed ogres and an ogre.

Vanquished Creatures
  An ogre mage (Volcano)
  An unseen horror (D:11)
  A hill giant (D:10)
  Pikel (D:7)
  A cyclops (D:11)
  An elephant (D:10)
  The ghost of Summon the Skirmisher, an experienced MiBe of Trog (D:5)
  A troll (D:10)
  A two-headed ogre (Volcano)
  A red wasp zombie (D:8)
  A merfolk (D:8)
  A shark (D:11)
  An elephant slug (D:10)
  2 hippogriffs (D:10)
  A hungry ghost (D:11)
  A necrophage (D:10)
  2 orc warriors
  The ghost of samael the Cudgeler, an average OgFi (D:3)
  2 sky beasts
  3 ice beasts
  Purgy (D:3)
  A slave (D:7)
  2 ogres
  3 giant frogs
  7 big kobolds (D:4)
  A crocodile (D:10)
  3 centaurs
  Blork the orc (D:8)
  A gnoll sergeant (D:10)
  A fire bat (Volcano)
  4 wights (D:9)
  3 killer bees (D:10)
  A lava fish (Volcano)
  4 crimson imps
  A lava snake (Volcano)
  A goliath beetle (D:11)
  A quasit (D:6)
  2 big fish (D:8)
  4 iguanas
  A giant frog skeleton (D:3)
  A jelly (D:5)
  2 orc priests (D:8)
  5 worker ants
  4 hounds
  4 scorpions
  7 orc wizards
  3 sheep
  Terence (D:2)
  10 gnolls
  2 giant centipedes
  2 giant mites (D:7)
  5 adders
  An inept feature mimic (D:4)
  6 worms
  3 giant eyeballs
  6 giant geckos
  21 orcs
  11 bats
  2 giant cockroaches
  12 hobgoblins
  13 jackals
  45 kobolds
  3 quokkas
  A giant newt (D:4)
  4 goblins
  A hobgoblin skeleton (D:5)
  A kobold zombie (D:6)
  7 rats
251 creatures vanquished.

Vanquished Creatures (collateral kills)
  Nessos (D:11)
  A hydra (D:11)
  An unseen horror (D:11)
  Erolcha (D:11)
  2 sharks (D:11)
  A hippogriff (D:11)
  A wyvern (D:11)
  An ogre (D:11)
  A big kobold (D:11)
  A jellyfish (D:11)
  An electric eel (D:11)
  A worker ant (D:11)
  3 kobolds (D:11)
16 creatures vanquished.

Vanquished Creatures (others)
  A blizzard demon (D:11)
  A slave (D:7)
  A worm (D:7)
  An ufetubus (D:10)
  A jackal (D:7)
5 creatures vanquished.

Grand Total: 272 creatures vanquished

Notes
Turn   | Place    | Note
--------------------------------------------------------------
     0 | D:1      | 4tharraofdagon, the Minotaur Monk, began the quest for the Orb.
     0 | D:1      | Reached XP level 1. HP: 17/17 MP: 0/0
     6 | D:2      | Noticed Terence
    17 | D:2      | Killed Terence
    17 | D:2      | Reached XP level 2. HP: 18/24 MP: 0/0
    79 | D:2      | Reached skill level 5 in Unarmed Combat
   175 | D:2      | Reached XP level 3. HP: 13/30 MP: 1/1
   277 | D:4      | Found a snail-covered altar of Cheibriados.
   277 | D:4      | Found a glowing silver altar of Zin.
   419 | D:4      | Reached XP level 4. HP: 26/38 MP: 1/1
   506 | D:4      | Reached skill level 6 in Unarmed Combat
   513 | D:4      | Noticed a big kobold
   576 | D:4      | Killed a big kobold
   576 | D:4      | Reached skill level 5 in Fighting
   576 | D:4      | Reached XP level 5. HP: 26/45 MP: 1/1
   622 | D:5      | Entered Level 5 of the Dungeon
   788 | D:5      | Reached skill level 7 in Unarmed Combat
   788 | D:5      | Reached XP level 6. HP: 42/52 MP: 2/2
   819 | D:5      | Noticed Summon's ghost (experienced MiBe)
   843 | D:5      | Killed Summon's ghost
   843 | D:5      | Reached skill level 8 in Unarmed Combat
   843 | D:5      | Reached XP level 7. HP: 20/59 MP: 2/2
  1075 | D:6      | Found a bloodstained altar of Trog.
  1290 | D:6      | Found a staircase to the Ecumenical Temple.
  1298 | Temple   | Entered the Ecumenical Temple
  1311 | Temple   | Became a worshipper of Makhleb the Destroyer
  1311 | Temple   | Acquired Makhleb's first power
  1311 | Temple   | Acquired Makhleb's second power
  1370 | D:6      | Reached skill level 9 in Unarmed Combat
  1396 | D:5      | Noticed an ogre
  1399 | D:5      | Killed an ogre
  1470 | D:4      | Noticed a sky beast
  1491 | D:4      | Killed a sky beast
  1491 | D:4      | Reached XP level 8. HP: 64/68 MP: 2/2
  1581 | D:4      | Gained mutation: You are frail (-10% HP). [mutagenic meat]
  1582 | D:4      | Gained mutation: Your natural rate of healing is unusually fast. [mutagenic meat]
  1613 | D:4      | Gained mutation: You can breathe flames. [potion of beneficial mutation]
  1640 | D:4      | Acquired Makhleb's third power
  1654 | D:4      | Noticed a big kobold
  1663 | D:4      | Killed a big kobold
  1675 | D:4      | Noticed a big kobold
  1692 | D:4      | Killed a big kobold
  1692 | D:4      | Reached skill level 10 in Unarmed Combat
  1726 | D:4      | Noticed a big kobold
  1730 | D:4      | Noticed a big kobold
  1744 | D:4      | Killed a big kobold
  1753 | D:4      | Noticed a big kobold
  1761 | D:4      | Killed a big kobold
  1766 | D:4      | Killed a big kobold
  1779 | D:4      | Noticed a big kobold
  1790 | D:4      | Killed a big kobold
  1906 | D:3      | Acquired Makhleb's fourth power
  1952 | D:3      | Noticed Purgy
  1971 | D:3      | Killed Purgy
  2024 | D:3      | Noticed samael's ghost (average OgFi)
  2037 | D:3      | Killed samael's ghost
  2037 | D:3      | Reached skill level 11 in Unarmed Combat
  2150 | D:5      | Noticed a sky beast
  2175 | D:5      | Killed a sky beast
  2208 | D:6      | Noticed Dowan
  2209 | D:6      | Noticed Duvessa
  2285 | D:6      | Paralysed by a giant eyeball for 4 turns
  2331 | D:6      | Paralysed by a giant eyeball for 3 turns
  2367 | D:6      | Reached XP level 9. HP: 67/67 MP: 3/3
  2390 | D:7      | Noticed Pikel
  2401 | D:7      | Killed Pikel
  2456 | D:7      | Reached skill level 12 in Unarmed Combat
  2519 | D:7      | Found a blossoming altar of Fedhas.
  2840 | D:8      | Noticed Blork the orc
  2860 | D:8      | Killed Blork the orc
  2910 | D:8      | Reached skill level 1 in Invocations
  2914 | D:8      | Acquired Makhleb's fifth power
  2923 | D:8      | Reached skill level 10 in Fighting
  3458 | D:9      | Reached XP level 10. HP: 70/76 MP: 6/6
  3460 | D:9      | Reached skill level 13 in Unarmed Combat
  3556 | D:10     | Entered Level 10 of the Dungeon
  3566 | D:10     | Noticed a hill giant
  3581 | D:10     | Killed a hill giant
  3581 | D:10     | Reached skill level 1 in Spellcasting
  3681 | D:11     | Noticed Nessos
  3694 | D:11     | Killed Nessos
  3710 | D:11     | Noticed Erolcha
  3720 | D:11     | Killed Erolcha
  3760 | D:11     | Killed an unseen horror
  3881 | D:11     | hurdos: I like this demon much more than others ^)
  3895 | D:11     | Noticed a cyclops
  3921 | D:11     | Killed a cyclops
  3977 | D:11     | Noticed a five-headed hydra
  3990 | D:11     | Killed a five-headed hydra
  3990 | D:11     | Reached skill level 14 in Unarmed Combat
  4110 | D:11     | Killed an unseen horror
  4110 | D:11     | Reached XP level 11. HP: 77/84 MP: 11/11
  4188 | D:10     | Found Weodetea's Distillery.
  4194 | D:10     | Bought a potion of beneficial mutation for 350 gold pieces
  4195 | D:10     | Gained mutation: You are partially covered in rough black scales (AC +4, Dex -1). [potion of beneficial mutation]
  4292 | D:10     | Reached skill level 1 in Shields
  4365 | D:10     | Reached skill level 5 in Invocations
  4439 | D:10     | Found a shattered altar of Ashenzari.
  4533 | D:10     | Found a staircase to the Lair.
  4553 | D:10     | Noticed an elephant
  4614 | D:10     | Killed an elephant
  4657 | Lair:1   | Entered Level 1 of the Lair of Beasts
  4685 | Lair:1   | Found a dark tunnel.
  4697 | Volcano  | Entered a volcano
  4797 | Volcano  | Found a bloodstained altar of Trog.
  4797 | Volcano  | Noticed an ogre mage
  4797 | Volcano  | Noticed a hill giant
  4811 | Volcano  | Killed an ogre mage
  4817 | Volcano  | 4tharraofdagon: omg
  4821 | Volcano  | Slain by a two-headed ogre

Action                   |  1- 3 |  4- 6 |  7- 9 | 10-12 || total
-------------------------+-------+-------+-------+-------++-------
Melee: Unarmed           |    43 |    92 |   473 |   265 ||   873
Throw: Dart              |       |       |       |     2 ||     2
Invok: Lesser Servant of |       |       |       |     5 ||     5
       Greater Servant o |       |       |       |     2 ||     2
Evoke: Wand              |       |       |     6 |     5 ||    11
  Use: Scroll            |     1 |       |    12 |     3 ||    16
       Potion            |     2 |     3 |     7 |     6 ||    18
 Stab: Paralysed         |       |       |       |     2 ||     2
